 Dungeon Crawl Stone Soup version 0.28.0-53-g5a82cb258f (webtiles) character file.

Game seed: 14344829022934744565

313 LustLizard the Chopper (level 6, 0/84 HPs)
             Began as a Minotaur Berserker on June 26, 2022.
             Was an Elder of Trog.
             Slain by a gnoll
             ... wielding a +0 spear
              (6 damage)
             ... on level 3 of the Dungeon.
             The game lasted 00:06:47 (2795 turns).

LustLizard the Chopper (Minotaur Berserker)         Turns: 2795, Time: 00:06:48

Health: 0/84       AC:  6    Str: 23    XL:     6   Next: 19%
Magic:  5/5        EV: 11    Int:  4    God:    Trog [****..]
Gold:   187        SH:  0    Dex: 10    Spells: 5/5 levels left

rFire   . . .      SeeInvis .   a - +0 hand axe
rCold   . . .      Faith    .   (no shield)
rNeg    . . .      Spirit   .   c - +0 ring mail
rPois   .          Reflect  .   (helmet restricted)
rElec   .          Harm     .   (no cloak)
rCorr   .          Rampage  .   (no gloves)
Will    .....                   h - +0 pair of boots
Stlth   ..........              (no amulet)
HPRegen 0.24/turn               (no ring)
MPRegen 0.09/turn               (no ring)

@: berserking, very quick
A: horns 2, retaliatory headbutt
a: Renounce Religion, Berserk, Trog's Hand, Brothers in Arms


You were on level 3 of the Dungeon.
You worshipped Trog.
Trog was greatly pleased with you.
You visited 1 branch of the dungeon, and saw 3 of its levels.

You collected 187 gold pieces.

Inventory:

Hand Weapons
 a - a +0 hand axe (weapon)
Missiles
 d - 203 stones (quivered)
 g - 4 poisoned darts
Armour
 b - a +0 animal skin
 c - a +0 ring mail (worn)
 h - a +0 pair of boots (worn)
Scrolls
 e - 4 scrolls of identify {unknown}
Potions
 f - a potion of degeneration {unknown}


   Skills:
 + Level 5.0 Fighting
 * Level 6.1 Axes
 * Level 3.6 Throwing
 - Level 2.4 Armour
 - Level 2.1 Dodging


You had 5 spell levels left.
You didn't know any spells.
Your spell library was empty.

Dungeon Overview and Level Annotations

Branches:
Dungeon (3/15)

Altars:
Makhleb


Innate Abilities, Weirdness & Mutations

You have a pair of horns on your head.
You reflexively headbutt those who attack you in melee.


Message History

You hit the hobgoblin. The gnoll hits you but does no damage.
The gnoll hits you from afar with a +0 spear!
The hobgoblin hits you with a +0 club.
You barely miss the goblin. You hit the hobgoblin but do no damage.
The goblin barely misses you.
The gnoll hits you from afar with a +0 spear. x2
The hobgoblin hits you with a +0 club.
You barely miss the goblin. Your headbutt misses the goblin.
You hit the hobgoblin. The goblin hits you but does no damage.
The gnoll hits you from afar with a +0 spear. x2
* * * LOW HITPOINT WARNING * * *
The hobgoblin barely misses you.
A red film seems to cover your vision as you go berserk!
You feel yourself moving faster!
You feel mighty!
You can no longer call in reinforcements.
The goblin hits you but does no damage.
The gnoll hits you from afar with a +0 spear.
* * * LOW HITPOINT WARNING * * *
The gnoll closely misses you.
The hobgoblin hits you but does no damage.
You slash the goblin!
You kill the goblin!
Trog accepts your kill.
You closely miss the hobgoblin.
The gnoll hits you from afar with a +0 spear!
* * * LOW HITPOINT WARNING * * *
The gnoll hits you from afar with a +0 spear.
* * * LOW HITPOINT WARNING * * *
The goblin unwields a +0 hunting sling.
The goblin closely misses you.
Items here: ( )))) †††.
You closely miss the gnoll. You headbutt the gnoll!
The gnoll is heavily wounded.
You slash the goblin!
You kill the goblin!
Trog accepts your kill.
You hit the hobgoblin.
You kill the hobgoblin!
Trog accepts your kill.
You can now call in reinforcements.
The gnoll hits you but does no damage. The gnoll hits you with a +0 spear.
You die...

#################
#..............#).... .
#..............'))...
#'##..............######
#......########.).......
#...... #.......†.
#.....g########.........
#..))..........######
#...@).........'))...
#..g...........#))...
##################### ≈≈
≈≈ ≈≈ .≈ .. ..


You could see 2 gnolls.

Vanquished Creatures
  An ogre (D:3)
  9 gnolls (D:3)
  2 dart slugs
  2 worms (D:3)
  5 orcs (D:3)
  5 ball pythons
  4 endoplasms
  3 giant cockroaches
  27 goblins
  29 hobgoblins
  2 kobolds
  4 quokkas
  5 bats
  A frilled lizard (D:2)
  17 rats
116 creatures vanquished.

Notes
Turn   | Place    | Note
-------+----------+-------------------------------------------
     0 | D:1      | LustLizard the Minotaur Berserker began the quest for the
                  | Orb.
     0 | D:1      | Reached XP level 1. HP: 19/19 MP: 0/0
   171 | D:1      | Reached skill level 4 in Axes
   179 | D:1      | Reached XP level 2. HP: 21/27 MP: 1/1
   479 | D:1      | Reached skill level 1 in Throwing
   780 | D:1      | Reached ** piety under Trog
   979 | D:1      | Reached XP level 3. HP: 32/33 MP: 2/2
  1052 | D:2      | Found a burning altar of Makhleb.
  1659 | D:3      | Found a faded altar of an unknown god.
  1692 | D:3      | Reached XP level 4. HP: 36/40 MP: 3/3
  1936 | D:3      | Noticed an ogre
  1943 | D:3      | Killed an ogre
  1944 | D:3      | Reached skill level 5 in Axes
  1944 | D:3      | Reached XP level 5. HP: 33/47 MP: 4/4
  2290 | D:3      | Reached *** piety under Trog
  2538 | D:3      | Reached XP level 6. HP: 50/55 MP: 5/5
  2543 | D:3      | Reached skill level 6 in Axes
  2784 | D:3      | Reached skill level 5 in Fighting
  2789 | D:3      | Reached **** piety under Trog
  2795 | D:3      | Slain by a gnoll

Illustrated notes

Levels and vault maps discovered:
D:1:      minmay_arrival_arboretum_small, layout_basic, corexii_corridor_pit,
          minmay_misc_feat_x
D:2:      layout_basic, basic_altar, minmay_rat_gold_closets
D:3:      minmay_goblin_kobold_castle, layout_loops_ring,
          hellmonk_ecumenical_altar_arch_garden

Skill      XL: |  1  2  3  4  5  6 |
---------------+-------------------+-----
Axes           | 4 5 6 |  6.1
Throwing       | 1 2 3 |  3.6
Fighting       | 4 5 |  5.0
Armour         | |  2.4
Dodging        | |  2.1

Action                   |  1- 3 |  4- 6 || total
-------------------------+-------+-------++-------
Melee: Hand axe          |   107 |   112 ||   219
       Headbutt          |    16 |    14 ||    30
       Punch             |     1 |     1 ||     2
Throw: Stone             |    58 |    36 ||    94
Invok: Berserk           |       |     2 ||     2
       Trog's Hand       |       |     1 ||     1
Armor: Animal skin       |     1 |       ||     1
       Ring mail         |    39 |    44 ||    83
Dodge: Dodged            |    54 |    89 ||   143
